 Dungeon Crawl Stone Soup version 0.21.1-1-g345015fe64 (webtiles) character file.

26498 Yoshino the Severer (level 12, -4/106 HPs)
             Began as a Minotaur Berserker on Feb 12, 2018.
             Was a High Priest of Trog.
             Shot with an arrow by a centaur warrior (18 damage)
             ... on level 13 of the Dungeon.
             The game lasted 02:09:09 (17017 turns).

Yoshino the Severer (Minotaur Berserker)           Turns: 17017, Time: 02:09:10

Health: -4/106     AC: 15    Str: 23    XL:     12   Next: 98%
Magic:  11/11      EV: 10    Int:  4    God:    Trog [*****.]
Gold:   677        SH:  0    Dex: 14    Spells: 11/11 levels left

rFire    . . .     SeeInvis .   M - +7 battleaxe (freeze)
rCold    + . .     Gourm    .   (shield currently unavailable)
rNeg     . . .     Faith    .   f - +0 plate armour
rPois    +         Spirit   .   (helmet restricted)
rElec    .         Reflect  .   (no cloak)
rCorr    +         Harm     .   O - +0 pair of gloves
MR       .....                  (no boots)
Stlth    ..........             s - amulet of rage
HPRegen  0.27/turn              d - ring of Gapteseo {rCorr rPois rC+ Stlth+}
MPRegen  0.12/turn              P - +2 ring of slaying

@: berserk cooldown, slowed, very slow
A: retaliatory headbutt, horns 2
a: Berserk, Trog's Hand, Brothers in Arms, Burn Spellbooks, Renounce Religion,
Evoke Berserk Rage


You were on level 13 of the Dungeon.
You worshipped Trog.
Trog was extremely pleased with you.
You were very hungry.

You visited 2 branches of the dungeon, and saw 14 of its levels.
You also visited: Bailey.

You collected 992 gold pieces.
You spent 315 gold pieces at shops.

Inventory:

Hand Weapons
 q - a +2 hand axe of chopping
 z - a +0 shortbow
 K - a +6 fustibalus of velocity
 M - a +7 battleaxe of freezing (weapon)
Missiles
 J - 25 tomahawks of returning (quivered)
Armour
 c - a +3 leather armour of magic resistance
 f - a +0 plate armour (worn)
 y - a +1 scale mail of fire resistance
 L - a +3 ring mail of magic resistance
 O - a +0 pair of gloves (worn)
 S - a +2 shield
Jewellery
 d - the ring of Gapteseo (left hand) {rCorr rPois rC+ Stlth+}
   (You found it on level 4 of the Dungeon)

   [ring of resist corrosion]

   It protects you from cold.
   It protects you from poison.
   It makes you more stealthy.
 o - an uncursed ring of teleportation
 s - an amulet of rage (around neck)
 A - a +3 ring of strength
 F - an uncursed ring of protection from magic
 P - a +2 ring of slaying (right hand)
Wands
 n - a wand of iceblast (18)
 v - a wand of clouds (5)
 w - a wand of disintegration (11)
 H - a wand of paralysis (16)
 N - a wand of random effects (32)
Scrolls
 i - 2 scrolls of immolation
 j - 8 scrolls of teleportation
 k - 5 scrolls of remove curse
 l - 2 scrolls of fog
 p - 2 scrolls of fear
 t - 2 scrolls of enchant weapon
 u - 4 scrolls of blinking
 x - 6 scrolls of identify
 D - a scroll of brand weapon {unknown}
 G - a scroll of acquirement {unknown}
 I - 3 scrolls of enchant armour {unknown}
 T - a scroll of vulnerability {unknown}
Potions
 a - 3 potions of resistance {unknown}
 e - 2 potions of brilliance {unknown}
 g - 2 potions of curing {unknown}
 h - 2 potions of might {unknown}
 m - 4 potions of haste {unknown}
 r - 2 potions of flight {unknown}
 C - a potion of agility
 E - a potion of degeneration {unknown}
 Q - a potion of lignification {unknown}
 R - a potion of magic {unknown}
Comestibles
 b - 11 rations


   Skills:
 + Level 10.0 Fighting
 - Level 20.0 Axes
 - Level 1.0 Throwing
 + Level 9.4 Armour
 * Level 7.3 Dodging


You had 11 spell levels left.
You didn't know any spells.

Dungeon Overview and Level Annotations

Branches:
Dungeon (13/15)            Temple (1/1) D:5            Lair (0/6) D:10
    Orc (0/2) D:12         Vaults (0/5) D:13

Altars:
Ashenzari
Cheibriados
Dithmenos
Elyvilon
Fedhas
Gozag
Hepliaklqana
Kikubaaqudgha
Makhleb
Nemelex Xobeh
Okawaru
Qazlal
Ru
Sif Muna
Trog
Uskayaw
Vehumet
Wu Jian
Xom
Yredelemnul
Zin
The Shining One

Shops:
D:7 (   D:10 =   D:11 *   D:13 :

Annotations:
D:13 exclusions: oklob plant and oklob sapling


Innate Abilities, Weirdness & Mutations

You reflexively headbutt those who attack you in melee.
You have a pair of horns on your head.


Message History

The centaur warrior hits you but does no damage.
The centaur warrior wields an uncursed shortbow.
The centaur warrior shoots an arrow.
The arrow hits you but does no damage.
The centaur warrior shoots an arrow.
The arrow hits you!
The centaur warrior shoots an arrow.
The arrow completely misses you.
You see here an arrow.
The centaur warrior shoots an arrow.
The arrow hits you!
The centaur warrior shoots an arrow.
The arrow hits you!
You see here an arrow.
The centaur warrior shoots an arrow.
The arrow hits you.
You see here an arrow.
The centaur warrior shoots an arrow.
The arrow hits you!
* * * LOW HITPOINT WARNING * * *
You see here an arrow.
The centaur warrior shoots an arrow.
The arrow hits you!
* * * LOW HITPOINT WARNING * * *
The centaur warrior shoots an arrow.
The arrow hits you but does no damage.
You see here 3 arrows.
The centaur warrior shoots an arrow.
The arrow hits you!!
You die...

.......##.#.# #..###..# #.# #
..##...##...# #.......# #)# #
##..###..# #..)....# #.# #
##..##.∩# #####.#### #.# # #
##...(..###......# #.# # .
##...##...(#.###..# #.# #
#.##....#####(#.#....# #.# #
!Y#...Y######.#.#....########.#
#
SW'....p..p(pc((@.............#
#
Wp#...S#####p##.###..##.......#
##.((#####.##......##.#####.###
##.....##.######.###.####.....
##........# #...##.##.......
##........# #...##.##.#.)##)
##.........# #...##.##.#..#..
#....#..#..# #...##>......#..
......##.#..# #...#####.#.##.>


You could see 3 vault guards and a centaur warrior.

Vanquished Creatures
  Frances (D:13)
  Snorg (D:13)
  Josephine (D:12)
  A hydra (D:13)
  Erica (D:8)
  3 two-headed ogres
  2 tengu warriors (D:13)
  An orc knight (Bailey)
  Pikel (D:8)
  2 deep elf magi
  2 cyclopes (D:13)
  4 ugly things
  A guardian serpent (D:9)
  Joseph (D:8)
  2 gargoyles
  An efreet (D:13)
  A komodo dragon (D:13)
  4 trolls
  A hornet (D:8)
  5 hippogriffs
  A spriggan (D:9)
  3 wraiths (D:12)
  10 yaks
  3 hungry ghosts
  A water moccasin (D:13)
  The ghost of chimenez the Ruffian, an amateur TrBe of Trog (D:3)
  2 necrophages
  9 orc warriors
  3 slaves (D:8)
  6 ice beasts
  4 black bears
  3 sky beasts
  4 phantoms
  12 ogres
  8 centaurs
  2 crocodiles
  10 bullfrogs
  3 big kobolds
  5 scorpions
  3 killer bees (D:12)
  17 wights
  3 howler monkeys
  6 crimson imps
  6 hounds
  4 quasits
  A centaur skeleton (D:9)
  15 orc priests
  A gnoll shaman (D:6)
  4 jellies
  5 orc wizards
  13 worker ants
  8 iguanas
  2 killer bee zombies
  3 hound skeletons
  A hound zombie (D:6)
  2 worker ant zombies
  12 gnolls
  13 adders
  3 shadow imps
  2 oozes
  An adder skeleton (D:8)
  4 worms
  5 dart slugs
  A leopard gecko (D:4)
  23 orcs
  6 ball pythons
  8 bats
  9 giant cockroaches
  8 goblins
  8 hobgoblins
  11 jackals
  34 kobolds
  3 quokkas
  6 frilled lizards
  A quokka skeleton (D:5)
  A quokka zombie (D:5)
  7 rats
  3 fungi (D:10)
  4 plants
393 creatures vanquished.

Vanquished Creatures (others)
  6 fungi (D:10)
  2 plants (D:10)
8 creatures vanquished.

Grand Total: 401 creatures vanquished

Notes
Turn   | Place    | Note
-------+----------+-------------------------------------------
     0 | D:1      | Yoshino the Minotaur Berserker began the quest for the Orb.
     0 | D:1      | Reached XP level 1. HP: 19/19 MP: 0/0
   109 | D:1      | Reached skill level 4 in Axes
   109 | D:1      | Reached XP level 2. HP: 23/27 MP: 1/1
   976 | D:1      | Reached XP level 3. HP: 33/33 MP: 2/2
  1927 | D:2      | Reached ** piety under Trog
  2145 | D:2      | Reached skill level 5 in Axes
  2551 | D:3      | Reached XP level 4. HP: 11/40 MP: 3/3
  3034 | D:3      | Found a sparkling altar of Nemelex Xobeh.
  3508 | D:3      | Noticed chimenez's ghost (amateur TrBe)
  3528 | D:3      | Killed chimenez's ghost
  3528 | D:3      | Reached skill level 6 in Axes
  3528 | D:3      | Reached XP level 5. HP: 47/47 MP: 4/4
  3663 | D:3      | Reached *** piety under Trog
  3827 | D:4      | Noticed a phantom
  3999 | D:4      | Killed a phantom
  3999 | D:4      | Reached skill level 7 in Axes
  3999 | D:4      | Reached XP level 6. HP: 41/55 MP: 5/5
  4104 | D:4      | You fall through a shaft!
  4104 | D:5      | Entered Level 5 of the Dungeon
  4113 | D:5      | Reached skill level 5 in Fighting
  4284 | D:4      | Got a smoking jade ring
  4287 | D:4      | Identified the ring of Gapteseo {rCorr rPois rC+ Stlth+} (You found it on level 4 of the Dungeon)
  4796 | D:5      | Noticed an ice beast
  4817 | D:5      | Killed an ice beast
  4817 | D:5      | Reached XP level 7. HP: 36/61 MP: 6/6
  5202 | D:5      | Reached skill level 8 in Axes
  5406 | D:5      | Found a staircase to the Ecumenical Temple.
  5522 | Temple   | Entered the Ecumenical Temple
  6949 | D:6      | Reached skill level 5 in Armour
  6949 | D:6      | Reached XP level 8. HP: 71/71 MP: 7/7
  6958 | D:6      | Reached skill level 9 in Axes
  7245 | D:6      | Reached skill level 5 in Dodging
  7541 | D:6      | Found a snail-covered altar of Cheibriados.
  7857 | D:7      | Reached XP level 9. HP: 28/81 MP: 8/8
  8128 | D:7      | Reached skill level 10 in Axes
  8131 | D:7      | Reached **** piety under Trog
  8507 | D:7      | Found Weopysm's Weapon Boutique.
  8916 | D:8      | Noticed Erica
  8936 | D:8      | Killed Erica
  9504 | D:8      | Noticed Joseph
  9519 | D:8      | Killed Joseph
  9519 | D:8      | Reached skill level 11 in Axes
  9996 | D:8      | Noticed Pikel
 10006 | D:8      | Reached XP level 10. HP: 91/91 MP: 9/9
 10026 | D:8      | Killed Pikel
 10441 | D:9      | Noticed a two-headed ogre
 10447 | D:9      | Killed a two-headed ogre
 10653 | D:9      | Reached skill level 10 in Fighting
 10692 | D:9      | Reached skill level 12 in Axes
 10942 | D:9      | Reached skill level 13 in Axes
 10946 | D:9      | Reached ***** piety under Trog
 11265 | D:9      | Noticed a guardian serpent
 11275 | D:9      | Killed a guardian serpent
 11611 | D:9      | Reached XP level 11. HP: 91/99 MP: 10/10
 11652 | D:10     | Entered Level 10 of the Dungeon
 11755 | D:10     | Found Raggepli's Jewellery Shoppe.
 11766 | D:10     | Bought a +2 ring of slaying for 315 gold pieces
 11793 | D:10     | Reached skill level 14 in Axes
 12181 | D:10     | Found a staircase to the Lair.
 12475 | D:10     | Reached skill level 15 in Axes
 13192 | D:11     | Received a gift from Trog
 13386 | D:11     | Found Wamiam's Assorted Antiques.
 13605 | D:11     | Reached skill level 16 in Axes
 14387 | D:12     | Noticed a deep elf mage
 14390 | D:12     | Found a flagged portal.
 14391 | D:12     | Killed a deep elf mage
 14411 | D:12     | Found a staircase to the Orcish Mines.
 14455 | D:12     | Noticed a purple ugly thing
 14457 | D:12     | Noticed a purple ugly thing
 14462 | D:12     | Killed a purple ugly thing
 14468 | D:12     | Killed a purple ugly thing
 14468 | D:12     | Reached skill level 17 in Axes
 14491 | Bailey   | Entered a bailey
 14516 | Bailey   | Noticed an orc knight
 14532 | Bailey   | Killed an orc knight
 14532 | Bailey   | Reached XP level 12. HP: 76/106 MP: 11/11
 14593 | Bailey   | Found a bloodstained altar of Trog.
 15169 | D:12     | Noticed Josephine
 15182 | D:12     | Killed Josephine
 15249 | D:12     | Reached skill level 1 in Throwing
 15445 | D:13     | Reached skill level 18 in Axes
 15460 | D:13     | Received a gift from Trog
 15660 | D:13     | Noticed a two-headed ogre
 15667 | D:13     | Killed a two-headed ogre
 15850 | D:13     | Noticed a tengu warrior
 15853 | D:13     | Noticed a tengu warrior
 15862 | D:13     | Killed a tengu warrior
 15868 | D:13     | Killed a tengu warrior
 16389 | D:13     | Noticed Snorg
 16390 | D:13     | Noticed a two-headed ogre
 16400 | D:13     | Killed Snorg
 16400 | D:13     | Reached skill level 19 in Axes
 16406 | D:13     | Killed a two-headed ogre
 16595 | D:13     | Found Reideps's Book Shop.
 16630 | D:13     | Noticed Frances
 16644 | D:13     | Killed Frances
 16995 | D:13     | Noticed a six-headed hydra
 16997 | D:13     | Noticed a centaur warrior
 16997 | D:13     | Noticed a vault guard
 16997 | D:13     | Noticed a vault guard
 17001 | D:13     | Killed a nine-headed hydra
 17001 | D:13     | Reached skill level 20 in Axes
 17003 | D:13     | Found a gate to the Vaults.
 17003 | D:13     | Noticed a vault guard
 17003 | D:13     | Noticed a vault guard
 17017 | D:13     | Shot with an arrow by a centaur warrior

Skill      XL: |  1  2  3  4  5  6  7  8  9 10 11 12 |
---------------+-------------------------------------+-----
Axes           | 4 5 6 7 8 9 11 13 17 20 | 20.0
Fighting       | 4 5 6 7 9 10 | 10.0
Armour         | 3 5 6 8 9 |  9.4
Dodging        | 3 4 5 6 7 |  7.3
Throwing       | 1 |  1.0

Action                   |  1- 3 |  4- 6 |  7- 9 | 10-12 || total
-------------------------+-------+-------+-------+-------++-------
Melee: Hand axe          |   219 |   125 |   294 |    21 ||   659
       Headbutt          |    44 |    26 |    77 |    86 ||   233
       Battleaxe         |       |       |       |   406 ||   406
       War axe           |       |       |       |     1 ||     1
Throw: Tomahawk          |       |       |       |    14 ||    14
Invok: Berserk           |     1 |     2 |     5 |    11 ||    19
       Burn Spellbooks   |       |       |       |     3 ||     3
  Use: Scroll            |     4 |     5 |       |     7 ||    16
       Potion            |       |     2 |       |     2 ||     4
  Eat: Chunk             |     3 |     4 |     8 |    25 ||    40
       Ration            |     1 |     2 |     4 |     3 ||    10
Armor: Leather armour    |    14 |    13 |       |       ||    27
       Animal skin       |     2 |       |       |       ||     2
       Chain mail        |       |    42 |   104 |     6 ||   152
       Ring mail         |       |       |       |    53 ||    53
       Plate armour      |       |       |       |   189 ||   189
Dodge: Dodged            |    63 |    58 |   126 |   291 ||   538
